 Dungeon Crawl Stone Soup version 0.26.0-10-g1f06aea511 (webtiles) character file.

Game seed: 8386896948615867164

5813 inc the Bewitcher (level 10, -6/37 HPs)
             Began as a Felid Conjurer on Jan 29, 2021.
             Was an Elder of Nemelex Xobeh.
             Killed from afar by a wizard (30 damage)
             ... with a bolt of cold
             ... on level 11 of the Dungeon.
             The game lasted 00:56:19 (17688 turns).

inc the Bewitcher (Felid Conjurer)                 Turns: 17688, Time: 00:56:20

Health: -6/37      AC:  2    Str:  7    XL:     10   Next: 51%
Magic:  6/18       EV: 26    Int: 26    God:    Nemelex Xobeh [****..]
Gold:   717        SH:  4    Dex: 22    Spells: 7/17 levels left
                                        Lives:  0   Deaths: 3

rFire    . . .     SeeInvis +   (weapon unavailable)
rCold    . . .     Faith    +   (shield unavailable)
rNeg     + . .     Spirit   .   (armour unavailable)
rPois    .         Reflect  .   (helmet unavailable)
rElec    +         Harm     .   (cloak unavailable)
rCorr    .         Rampage  .   (gloves unavailable)
Will     +++..                  (boots unavailable)
Stlth    +++.......             l - amulet of faith
HPRegen  0.12/turn              y - ring "Qaze" {+Fly Will++ Int+4 Stlth+}
MPRegen  0.16/turn              x - ring "Ulao" {rN+ Str+4 Dex+6 Stlth-}

@: quick
A: very small, no armour, no weapons or thrown items, stealth, claws 1, fangs 3,
large bone plates 1, see invisible, speed 1, shaggy fur 2, electricity
resistance, sharp paws
a: Renounce Religion, Evoke Flight, Draw Escape, Draw Destruction, Draw
Summoning, Triple Draw, Deal Four


You were on level 11 of the Dungeon.
You worshipped Nemelex Xobeh.
Nemelex Xobeh was greatly pleased with you.
You visited 1 branch of the dungeon, and saw 11 of its levels.
You also visited: Sewer.

You collected 836 gold pieces.
You spent 119 gold pieces at shops.

Inventory:

Jewellery
 l - an amulet of faith (around neck)
 s - an uncursed ring of stealth
 x - the ring "Ulao" (right paw) {rN+ Str+4 Dex+6 Stlth-}
   (You took it off an orc on level 8 of the Dungeon)

   [ring of dexterity]

   It affects your strength (+4).
   It affects your dexterity (+6).
   It protects you from negative energy.
   It makes you less stealthy.
 y - the ring "Qaze" (left paw) {+Fly Will++ Int+4 Stlth+}
   (You found it on level 8 of the Dungeon)

   [ring of flight]

   It affects your intelligence (+4).
   It affects your willpower, your defense against some magical effects.
   It lets you fly.
   It makes you more stealthy.
 A - a +6 ring of strength
 D - an uncursed amulet of regeneration {unknown}
 E - an uncursed ring of resist corrosion
 H - an uncursed ring of magical power
Wands
 f - a wand of digging (7)
 o - a wand of flame (12)
 q - a wand of random effects (44)
 w - a wand of polymorph (13)
Scrolls
 a - 6 scrolls of identify
 c - 13 scrolls of teleportation
 d - 5 scrolls of immolation {unknown}
 e - 11 scrolls of remove curse {unknown}
 h - a scroll of amnesia
 j - 6 scrolls of enchant weapon {unknown}
 r - a scroll of magic mapping {unknown}
 B - a scroll of vulnerability {unknown}
 C - a scroll of blinking {unknown}
 F - a scroll of silence {unknown}
 G - a scroll of fog {unknown}
Potions
 b - a potion of attraction
 g - 3 potions of heal wounds
 i - 2 potions of mutation
 k - 2 potions of invisibility
 m - a potion of ambrosia
 n - 2 potions of curing
 p - a potion of flight
 t - 2 potions of brilliance
 u - a potion of resistance
 v - 5 potions of magic
 I - a potion of degeneration
Miscellaneous
 z - a condenser vane


   Skills:
 - Level 8.1 Dodging
 - Level 3.0 Stealth
 - Level 4.4 Spellcasting
 - Level 5.9 Conjurations
 - Level 16.1 Hexes
 + Level 10.3 Invocations


You had 7 spell levels left.
You knew the following spells:

 Your Spells              Type           Power        Failure   Level
a - Magic Dart            Conj           100%         1%          1
b - Searing Ray           Conj           72%          1%          2
c - Dazzling Flash        Conj/Hex       100%         1%          3
d - Fulminant Prism       Conj/Hex       29%          1%          4

Your spell library contained the following spells:

 Spells                   Type           Power        Failure   Level
 Animate Skeleton         Necr           10%          9%          1
 Pain                     Necr           20%          9%          1
 Gell's Gravitas          Tloc           2%           24%         3
 Vampiric Draining        Necr           2%           24%         3
 Iskenderun's Mystic Bla  Conj/Tloc      21%          24%         4
 Animate Dead             Necr           2%           63%         4
 Agony                    Necr           5%           92%         5
 Borgnjor's Vile Clutch   Necr/Erth      2%           92%         5
 Death Channel            Necr           2%           100%        6
 Dispersal                Tloc           2%           100%        6
 Simulacrum               Ice/Necr       2%           100%        6
 Disjunction              Tloc           2%           100%        8
 Portal Projectile        Hex/Tloc       Unusable     N/A         3

Dungeon Overview and Level Annotations

Branches:
Dungeon (11/15)            Temple (0/1) D:7            Lair (0/6) D:10
  Sewer (visited)
    Orc: D:9-12

Altars:
Ashenzari
Cheibriados
Dithmenos
Fedhas
Nemelex Xobeh
Okawaru
Qazlal
Sif Muna
Uskayaw
Wu Jian
Xom
Yredelemnul
Zin
The Shining One
Beogh

Shops:
D:8 !??   D:9 :   D:11 ?


Innate Abilities, Weirdness & Mutations

You cannot wear armour.
You are incapable of wielding weapons or throwing items.
Your paws allow you to move quietly. (Stealth)
You have sharp claws.
You have razor-sharp teeth.
You have supernaturally acute eyesight. (SInv)
You cover ground quickly.
You are covered in thick fur. (AC +2)
Your sharp claws are effective at attacking unaware monsters.
You are partially covered in large bone plates. (SH +4)
You are resistant to electric shocks. (rElec)


Message History

The searing ray hits the rust devil.
The rust devil is moderately wounded.
The searing ray hits the kobold demonologist!
You kill the kobold demonologist!
The rust devil disappears in a puff of smoke! (Press . to maintain the ray.)
You swap places.
Something unseen opens the door.
A wizard comes into view. It is wielding a +0 dagger.
Your centaur waves at you.
You see here a bullfrog corpse.
Things that are here:
a +0 dagger; a cursed +0 robe You start resting.
A wizard is nearby!
You swap places.
The wizard gestures at you while chanting.
The bolt of cold hits you!!
Ouch! That really hurt!
You die...
Your body glows with a rainbow of weird colours and disappears.

#..........#
#..........#
#..........#
#..........#.
#.........p'.
#..........#
######...†.†....#
#......p........#
#....@#####.....#
#..∩cc#...#.....#
#.....'...#######
...'.....#.........#
....#.....#.........#
... #.....#.........#
.. #.....#.........#
. +.....#...##...##
#.....#...##...#


You could see a wizard and 2 friendly centaurs.

Vanquished Creatures
  2 two-headed ogres (D:8)
  An unseen horror (D:11)
  A swamp dragon (D:11)
  A deep elf mage (D:11)
  A kobold demonologist (D:11)
  A meliai (D:10)
  A hornet (D:9)
  3 trolls
  3 yaks
  A warg (D:8)
  Menkaure (D:6)
  An acid dragon (D:11)
  2 water moccasins
  An eye of draining (D:9)
  A sky beast (D:5)
  4 ice beasts
  4 black bears
  8 orc warriors
  4 phantoms
  A centaur (D:7)
  7 ogres
  10 bullfrogs
  A big kobold (D:9)
  2 scorpions
  12 wights
  5 killer bees (D:8)
  4 howler monkeys
  2 centaur zombies
  A quasit (D:8)
  A bullfrog zombie (D:5)
  4 bullfrog skeletons
  4 jellies
  8 orc wizards
  3 orc priests
  2 hounds
  A centaur skeleton (D:8)
  3 iguanas
  11 worker ants
  A killer bee zombie (D:6)
  2 hound skeletons
  A worker ant zombie (D:9)
  7 gnolls
  2 howler monkey skeletons
  9 adders
  2 shadow imps
  6 white imps
  An adder zombie (D:5)
  An adder skeleton (D:9)
  3 worms (D:5)
  2 dart slugs (D:1)
  6 leopard geckos
  40 orcs
  3 ball pythons
  12 bats
  6 giant cockroaches
  14 goblins
  9 hobgoblins
  12 jackals
  2 quokkas
  9 frilled lizards
  14 kobolds
  2 quokka skeletons (D:8)
  15 rats
304 creatures vanquished.

Vanquished Creatures (others)
  An adder zombie (D:7)
  64 fulminant prisms
  21 fungi
  20 plants
106 creatures vanquished.

Grand Total: 410 creatures vanquished

Notes
Turn   | Place    | Note
-------+----------+-------------------------------------------
     0 | D:1      | inc the Felid Conjurer began the quest for the Orb.
     0 | D:1      | Reached XP level 1. HP: 7/7 MP: 4/4
   191 | D:1      | Reached XP level 2. HP: 11/11 MP: 4/6
   450 | D:1      | Learned a level 2 spell: Searing Ray
   673 | D:1      | Reached XP level 3. HP: 14/14 MP: 3/7
  2223 | D:3      | Reached XP level 4. HP: 18/18 MP: 6/8
  2739 | D:3      | Reached skill level 5 in Conjurations
  2947 | D:4      | Reached XP level 5. HP: 20/21 MP: 0/9
  3160 | D:4      | Gained mutation: You are partially covered in large bone
                  | plates. (SH +4) [potion of mutation]
  3160 | D:4      | Gained mutation: You are resistant to electric shocks.
                  | (rElec) [potion of mutation]
  3170 | D:4      | HP: 1/21 [poisoned by a scorpion]
  3171 | D:4      | Succumbed to a scorpion's poison
  3172 | D:4      | Reached XP level 4. HP: 0/18 MP: 3/9
  3335 | D:4      | Found an ornate altar of the Wu Jian Council.
  3534 | D:4      | Found a glowing drain.
  3538 | Sewer    | Entered a sewer
  3752 | Sewer    | Noticed a water moccasin
  3764 | Sewer    | Killed a water moccasin
  3765 | Sewer    | Reached XP level 5. HP: 3/21 MP: 1/12
  4224 | D:4      | Found a basalt altar of Yredelemnul.
  4224 | D:4      | Found a snail-covered altar of Cheibriados.
  4225 | D:4      | Found a sparkling altar of Nemelex Xobeh.
  4371 | D:4      | Became a worshipper of Nemelex Xobeh the Trickster
  4604 | D:3      | Gained mutation: You are covered in thick fur. (AC +2)
                  | [Felid growth]
  4604 | D:3      | Reached XP level 6. HP: 14/24 MP: 4/13
  4833 | D:3      | Found a shimmering blue altar of Sif Muna.
  4835 | D:3      | Found an iron altar of Okawaru.
  4838 | D:3      | Found a broken altar of Ashenzari.
  4839 | D:3      | Found a blossoming altar of Fedhas.
  4839 | D:3      | Found a stormy altar of Qazlal.
  4845 | D:3      | Found a glowing golden altar of the Shining One.
  5370 | D:5      | Entered Level 5 of the Dungeon
  5467 | D:5      | Reached skill level 5 in Dodging
  5806 | D:5      | Noticed a sky beast
  5811 | D:5      | Killed a sky beast
  5878 | D:5      | Reached XP level 7. HP: 27/27 MP: 8/14
  6352 | D:5      | Found a shadowy altar of Dithmenos.
  7058 | D:5      | Learned a level 3 spell: Dazzling Flash
  7244 | D:6      | Reached skill level 2 in Hexes
  7335 | D:6      | Reached * piety under Nemelex Xobeh
  7360 | D:6      | Reached skill level 4 in Hexes
  7451 | D:6      | Reached skill level 5 in Hexes
  7497 | D:6      | Slain by a killer bee zombie
  7498 | D:6      | Reached XP level 6. HP: -1/24 MP: 0/13
  7624 | D:6      | Reached XP level 7. HP: 27/27 MP: 6/14
  7805 | D:6      | Noticed Menkaure
  7808 | D:6      | Killed Menkaure
  7809 | D:6      | Reached skill level 6 in Hexes
  7844 | D:6      | You fall into a shaft and drop 3 floors!
  7844 | D:9      | Found a hide-covered altar of Uskayaw.
  7845 | D:9      | Noticed a -3 hand axe
  7845 | D:9      | Noticed a +0 hand axe
  7875 | D:9      | Reached skill level 7 in Hexes
  8118 | D:8      | Received a gift from Nemelex Xobeh
  8137 | D:7      | Reached skill level 8 in Hexes
  8215 | D:7      | Reached XP level 8. HP: 14/31 MP: 7/15
  8230 | D:7      | Reached skill level 9 in Hexes
  8239 | D:7      | Reached skill level 10 in Hexes
  8344 | D:7      | Learned a level 4 spell: Fulminant Prism
  8778 | D:6      | Reached ** piety under Nemelex Xobeh
  9787 | D:7      | Received a gift from Nemelex Xobeh
  9793 | D:7      | Identified the +8 long sword of Compulsion {drain, *Corrode
                  | Dex+3}
  9807 | D:7      | Reached skill level 11 in Hexes
  9945 | D:7      | Found a staircase to the Ecumenical Temple.
 10221 | D:8      | Reached skill level 12 in Hexes
 10451 | D:8      | Noticed a two-headed ogre
 10472 | D:8      | Killed a two-headed ogre
 10473 | D:8      | Reached skill level 13 in Hexes
 10473 | D:8      | Reached XP level 9. HP: 10/34 MP: 4/16
 10687 | D:8      | Found Boel's Magic Scroll Shoppe.
 10699 | D:8      | Reached *** piety under Nemelex Xobeh
 10703 | D:8      | Found Yzesk's Magic Scroll Shop.
 10711 | D:8      | Found Ihup's Distillery.
 10717 | D:8      | Bought a potion of heal wounds for 80 gold pieces
 10745 | D:8      | Found a radiant altar of Vehumet.
 10747 | D:8      | Found a sparkling altar of Nemelex Xobeh.
 10747 | D:8      | Found a glowing silver altar of Zin.
 10750 | D:8      | Found a sparkling altar of Nemelex Xobeh.
 10750 | D:8      | Found a shimmering altar of Xom.
 10750 | D:8      | Found a shimmering altar of Xom.
 10844 | D:8      | Reached skill level 14 in Hexes
 11208 | D:8      | Identified the ring "Ulao" {rN+ Str+4 Dex+6 Stlth-}
 11293 | D:8      | Got a twitching steel ring
 11337 | D:8      | Reached skill level 15 in Hexes
 11388 | D:8      | Noticed a two-headed ogre
 11431 | D:8      | Killed a two-headed ogre
 11432 | D:8      | Reached XP level 10. HP: 16/37 MP: 3/17
 11694 | D:8      | Reached skill level 16 in Hexes
 12344 | D:8      | Received a gift from Nemelex Xobeh
 12697 | D:9      | Reached skill level 1 in Invocations
 13034 | D:9      | Reached skill level 5 in Invocations
 13596 | D:9      | Identified the ring "Qaze" {+Fly Will++ Int+4 Stlth+} (You
                  | found it on level 8 of the Dungeon)
 14310 | D:9      | Found a roughly hewn altar of Beogh.
 14464 | D:9      | Found Futett's Book Shoppe.
 14465 | D:9      | Reached **** piety under Nemelex Xobeh
 14465 | D:9      | Received a gift from Nemelex Xobeh
 14961 | D:10     | Entered Level 10 of the Dungeon
 15295 | D:10     | Received a gift from Nemelex Xobeh
 16039 | D:10     | Reached XP level 11. HP: 40/40 MP: 13/18
 16407 | D:10     | Found a staircase to the Lair.
 16821 | D:11     | Received a gift from Nemelex Xobeh
 16935 | D:11     | Noticed an unseen horror
 16946 | D:11     | Killed an unseen horror
 17158 | D:11     | Noticed a deep elf mage
 17171 | D:11     | Killed a deep elf mage
 17382 | D:11     | Noticed Nergalle
 17397 | D:11     | Noticed Nergalle
 17397 | D:11     | Nergalle changed into Nergalle the eye of devastation
 17405 | D:11     | Blown up by Nergalle the eye of devastation
 17406 | D:11     | Reached XP level 10. HP: -22/37 MP: 16/18
 17528 | D:11     | Found Boxogawe's Magic Scroll Shop.
 17533 | D:11     | Bought a scroll of teleportation for 39 gold pieces
 17647 | D:11     | Noticed Nergalle
 17647 | D:11     | Nergalle the eye of devastation changed into Nergalle the
                  | swamp dragon
 17649 | D:11     | Killed Nergalle the swamp dragon
 17650 | D:11     | Reached skill level 10 in Invocations
 17668 | D:11     | Noticed a rust devil
 17675 | D:11     | Noticed a wizard
 17688 | D:11     | Killed from afar by a wizard

Illustrated notes

Levels and vault maps discovered:
D:1:      lemuel_arrival_behind_the_door_small, layout_basic,
          chequers_serial_rivers_marsh, serial_bayou_ford_a,
          lexackson_kobold_supper
D:2:      layout_loops_ring
D:3:      layout_loops_corners, minitemple
D:4:      kennysheep_spiral_hall, layout_basic,
          pdpol_wu_jian_five_deadly_venoms, gammafunk_temple_overflow_forgotten,
          gup_sewer_entry_bowl, minmay_misc_feat_room
D:5:      minmay_diamond_boxcup, layout_basic, kennysheep_mini, serial_curves,
          eino_curves_02, eino_curves_02
D:6:      kennysheep_steamy, layout_basic, grunt_decor_fettered, uniq_menkaure
D:7:      layout_cave_pools, minmay_temple_entry_nine_rooms
D:8:      minmay_the_grid_octo_tiled_squarecenter
          [minmay_the_grid_octo_concentric, minmay_the_grid_octo_toaster,
          minmay_the_grid_octo_odd_swirl, minmay_the_grid_octo_tetromino_candy,
          minmay_the_grid_square_5x5_megaprize_checkered,
          minmay_the_grid_square_5x5_hourglass,
          minmay_the_grid_square_5x5_two_walls_b,
          minmay_the_grid_square_5x5_fat_x, minmay_the_grid_square_5x5_three],
          layout_loops_ring, doesnt_xom_only_xom, serial_shops, shop, shop,
          shop, corexii_hall_statues_x
D:9:      layout_loops_ring, dancing_weapons_uskayaw, special_room
          [special_room_orc], serial_shops, nicolae_shop_stone
D:10:     layout_gridville, grunt_lair_entry_orc_guard_hut,
          mrwooster_statue_mirror
D:11:     layout_gridville, serial_shops, shop, lemuel_angel_altar,
          uniq_nergalle

Skill      XL: |  1  2  3  4  5  6  7  8  9 10 11 |
---------------+----------------------------------+-----
Conjurations   | 4 5 |  5.9
Dodging        | 3 6 8 |  8.1
Stealth        | 3 |  3.0
Spellcasting   | 4 3 |  4.4
Hexes          | 8 13 15 16 | 16.1
Invocations    | 10 9 | 10.3

Action                   |  1- 3 |  4- 6 |  7- 9 | 10-12 || total
-------------------------+-------+-------+-------+-------++-------
Melee: Unarmed           |     6 |     9 |    22 |    31 ||    68
       Bite              |       |       |     4 |     6 ||    10
 Cast: Magic Dart        |    95 |    56 |    59 |    23 ||   233
       Searing Ray       |     5 |    28 |    62 |    71 ||   166
       Dazzling Flash    |       |       |     1 |       ||     1
       Fulminant Prism   |       |       |     9 |    55 ||    64
Invok: Draw Destruction  |       |       |       |    29 ||    29
       Draw Summoning    |       |       |       |     3 ||     3
       Deal Four         |       |       |       |     1 ||     1
       Draw Escape       |       |       |       |     2 ||     2
Evoke: Wand              |       |       |     3 |       ||     3
  Use: Scroll            |     1 |     1 |       |     5 ||     7
       Potion            |       |     2 |     3 |       ||     5
 Stab: Invisible         |       |       |     1 |       ||     1
Armor: Skin              |     1 |     3 |     3 |     2 ||     9
Dodge: Dodged            |    22 |    41 |   133 |   133 ||   329
Block: Other             |       |     4 |    18 |    21 ||    43
